 Dungeon Sprint DCSS version 0.19.1 (webtiles) character file.

245 equalderp2856 the Gouger (level 5, -12/28 HPs)
             Began as a Felid Fighter on Dec 3, 2016.
             Was a Believer of Lugonu.
             Mangled by a polar bear (22 damage)
             ... in the Dungeon (Sprint IX: "|||||||||||||||||||||||||||||").
             The game lasted 00:01:54 (867 turns).

equalderp2856 the Gouger (Felid Fighter)             Turns: 867, Time: 00:01:54

Health: -12/28     AC:  2    Str: 13    XL:     5   Next: 84%
Magic:  6/6        EV: 24    Int: 15    God:    Lugonu [**....]
Gold:   0          SH:  0    Dex: 17    Spells: 0 memorised, 4 levels left
                                        Lives:  0   Deaths: 1

rFire  . . .     SeeInvis +       - Unarmed
rCold  . . .     Gourm    .     (armour unavailable)
rNeg   . . .     Faith    .     (shield unavailable)
rPois  .         Spirit   .     (helmet unavailable)
rElec  .         Reflect  .     (cloak unavailable)
rCorr  .         Harm     .     (gloves unavailable)
MR     .....     NoTele   +     (boots unavailable)
Stlth  ++++......               (no amulet)
                                n - +3 ring of intelligence
                                m - +3 ring of intelligence

@: quick
A: no armour, no weapons or thrown items, stealth, claws 1, fangs 3, see
invisible, carnivore 3, speed 1, shaggy fur 2, slow metabolism 1, sharp paws
a: Bend Space, Renounce Religion


You were in the Dungeon.
You worshipped Lugonu.
Lugonu was pleased with you.
You were not hungry.

You visited 1 branch

Inventory:

Jewellery
 m - a +3 ring of intelligence (left paw)
 n - a +3 ring of intelligence (right paw)
Wands
 l - a wand of iceblast (7/15)
Scrolls
 h - 2 scrolls of blinking
 j - 3 scrolls of remove curse
 k - 2 scrolls of amnesia
Potions
 a - a potion of might
 c - 3 potions of curing
 d - a potion of heal wounds
 e - a potion of haste
 f - 4 potions of magic
 g - a potion of berserk rage
 i - a potion of invisibility
Comestibles
 b - 13 meat rations


   Skills:
 + Level 6.4 Fighting
 + Level 8.4 Dodging
 + Level 5.7 Stealth
 + Level 11.3 Unarmed Combat


You had 4 spell levels left.
You didn't know any spells.

Dungeon Overview and Level Annotations

Branches:
Dungeon (1/1)

Altars:
Cheibriados
Dithmenos
Elyvilon
Fedhas
Gozag
Hepliaklqana
Kikubaaqudgha
Makhleb
Nemelex Xobeh
Okawaru
Qazlal
Ru
Sif Muna
Trog
Uskayaw
Vehumet
Xom
Yredelemnul
Zin
The Shining One
Beogh
Jiyva
Lugonu


Innate Abilities, Weirdness & Mutations

You cannot wear armour.
You are incapable of wielding weapons or throwing items.
Your paws allow you to move quietly. (Stealth)
You have sharp claws.
You have razor-sharp teeth.
You have supernaturally acute eyesight. (SInv)
You are carnivorous and can eat meat at any time.
You cover ground quickly.
You are covered in thick fur. (AC +2)
You have a slow metabolism.
Your sharp claws are effective at attacking unaware monsters.


Message History

You scratch the polar bear.
The polar bear is severely wounded.
The polar bear closely misses you. The polar bear claws you.
The polar bear closely misses you.
You barely miss the polar bear.
The polar bear is severely wounded.
You scratch the polar bear.
The polar bear is severely wounded.
The polar bear goes berserk!
You scratch the polar bear but do no damage.
You bite the polar bear.
The polar bear is severely wounded.
The polar bear completely misses you. The polar bear closely misses you.
The polar bear misses you.
You claw the polar bear! Your claw misses the polar bear.
You bite the polar bear, but do no damage.
The polar bear is almost dead.
The polar bear bites you!!
Ouch! That really hurt!
You die...

▓.▓'▓
▓.▓.▓
▓.▓.▓
▓.▓[▓
▓.▓[▓
▓.▓[▓
▓.▓[▓
▓.▓
▓.▓.▓
▓.▓
▓.▓@▓
▓Z▓
▓.▓h▓
▓.▓
▓.▓h▓
▓.▓
▓.▓h▓
▓.▓
▓.▓h▓
▓†▓
▓.▓[▓
▓T▓
▓.▓.▓
▓.▓
▓.▓h▓
▓[▓
▓.▓.▓
▓[▓


You could see 2 polar bears and 3 black bears.

Vanquished Creatures
  A yak (D)
  A black bear (D)
  A centaur (D)
  A hound (D)
  A worker ant (D)
  2 adders (D)
  A giant cockroach (D)
  A jackal (D)
  A frilled lizard (D)
  A goblin (D)
  3 rats (D)
14 creatures vanquished.

Notes
Turn   | Place    | Note
-------+----------+-------------------------------------------
     0 | D        | equalderp2856 the Felid Fighter began the quest for the Orb.
     0 | D        | Reached XP level 1. HP: 10/10 MP: 2/2
   136 | D        | Noticed a hound
   136 | D        | Noticed a worker ant
   138 | D        | Killed a worker ant
   138 | D        | Reached skill level 5 in Dodging
   138 | D        | Reached skill level 1 in Stealth
   138 | D        | Reached skill level 6 in Unarmed Combat
   138 | D        | Reached XP level 2. HP: 15/15 MP: 3/3
   146 | D        | Reached XP level 3. HP: 12/18 MP: 4/4
   148 | D        | Reached skill level 7 in Unarmed Combat
   154 | D        | Reached XP level 4. HP: 12/22 MP: 5/5
   298 | D        | Found a roughly hewn altar of Beogh.
   298 | D        | Found a snail-covered altar of Cheibriados.
   298 | D        | Found a shadowy altar of Dithmenos.
   298 | D        | Found a white marble altar of Elyvilon.
   298 | D        | Found a blossoming altar of Fedhas.
   298 | D        | Found an opulent altar of Gozag.
   299 | D        | Found a hazy altar of Hepliaklqana.
   300 | D        | Found a viscous altar of Jiyva.
   301 | D        | Found an ancient bone altar of Kikubaaqudgha.
   302 | D        | Found a corrupted altar of Lugonu.
   303 | D        | Found a burning altar of Makhleb.
   304 | D        | Found a sparkling altar of Nemelex Xobeh.
   305 | D        | Found an iron altar of Okawaru.
   306 | D        | Found a stormy altar of Qazlal.
   307 | D        | Found a sacrificial altar of Ru.
   308 | D        | Found a deep blue altar of Sif Muna.
   309 | D        | Found a bloodstained altar of Trog.
   310 | D        | Found a hide-covered altar of Uskayaw.
   311 | D        | Found a radiant altar of Vehumet.
   314 | D        | Became a worshipper of Lugonu the Unformed
   314 | D        | Reached * piety under Lugonu
   317 | D        | Found a shimmering altar of Xom.
   318 | D        | Found a basalt altar of Yredelemnul.
   319 | D        | Found a glowing silver altar of Zin.
   320 | D        | Found a glowing golden altar of the Shining One.
   347 | D        | Noticed a troll
   347 | D        | Noticed an orc warrior
   347 | D        | Noticed a centaur
   347 | D        | Noticed a yak
   355 | D        | HP: 1/22 [yak (9)]
   359 | D        | Killed a yak
   359 | D        | Reached skill level 5 in Fighting
   359 | D        | Reached skill level 9 in Unarmed Combat
   359 | D        | Reached XP level 5. HP: 9/27 MP: 6/6
   415 | D        | Killed a centaur
   415 | D        | Reached ** piety under Lugonu
   415 | D        | Reached skill level 5 in Stealth
   415 | D        | Reached skill level 10 in Unarmed Combat
   415 | D        | Gained mutation: You are covered in thick fur. (AC +2) [Felid growth]
   415 | D        | Reached XP level 6. HP: 15/31 MP: 7/7
   427 | D        | Slain by an orc warrior
   428 | D        | Reached XP level 5. HP: -1/27 MP: 6/6
   509 | D        | Noticed a black bear
   509 | D        | Noticed a black bear
   510 | D        | Noticed a polar bear
   511 | D        | Noticed a black bear
   512 | D        | Noticed a black bear
   516 | D        | Noticed a polar bear
   519 | D        | Killed a black bear
   519 | D        | Reached skill level 11 in Unarmed Combat
   520 | D        | Noticed a polar bear
   867 | D        | Mangled by a polar bear

Skill      XL: |  1  2  3  4  5 |
---------------+----------------+-----
Dodging        | 5 7 8 |  8.4
Stealth        | 1 2 4 5 |  5.7
Unarmed Combat | 6 7 9 11 | 11.3
Fighting       | 4 5 6 |  6.4

Action                   |  1- 3 |  4- 6 || total
-------------------------+-------+-------++-------
Melee: Unarmed           |    21 |    49 ||    70
       Bite              |     1 |     7 ||     8
       Punch             |     1 |     2 ||     3
  Use: Potion            |       |     4 ||     4
 Stab: Sleeping          |     2 |       ||     2
Armor: Skin              |     1 |     3 ||     4
Dodge: Dodged            |    11 |    56 ||    67
